 Dungeon Crawl Stone Soup version 0.25-a0-96-g4073cf80fb (webtiles) character file.

Game seed: 935077385394946905, levelgen mode: deterministic

470 MisterFreud the Slasher (level 7, -4/45 HPs)
             Began as an Octopode Gladiator on Nov 11, 2019.
             Killed by nerve-wracking pain
             ... invoked by an orc priest
              (10 damage)
             ... on level 4 of the Dungeon.
             The game lasted 00:07:10 (4654 turns).

MisterFreud the Slasher (Octopode Gladiator)        Turns: 4654, Time: 00:07:10

Health: -4/45      AC:  1    Str: 13    XL:     7   Next: 9%
Magic:  7/7        EV: 22    Int: 13    God:
Gold:   232        SH:  0    Dex: 18    Spells: 6/6 levels left

rFire    . . .     SeeInvis .   a - +0 long sword
rCold    . . .     Gourm    .   (no shield)
rNeg     . . .     Faith    .   b - +0 hat
rPois    .         Spirit   .   (no amulet)
rElec    .         Reflect  .   (no ring)
rCorr    .         Harm     .   (no ring)
MR       .....                  (no ring)
Stlth    ++++......             (no ring)
HPRegen  0.15/turn              (no ring)
MPRegen  0.10/turn              (no ring)
                                (no ring)
                                (no ring)

@: agile
A: almost no armour, stealthy swim, amphibious, 8 rings, constrict 8, camouflage
1, gelatinous body 1
a: no special abilities


You were on level 4 of the Dungeon.
You were not hungry.

You visited 1 branch of the dungeon, and saw 4 of its levels.
You also visited: Sewer.

You collected 232 gold pieces.

Inventory:

Hand Weapons
 a - a +0 long sword (weapon)
Missiles
 c - 3 throwing nets (quivered)
 e - 121 stones
 h - 42 bolts
 k - 61 sling bullets
 r - 15 poisoned darts
 u - 22 arrows
Armour
 b - a +0 hat (worn)
Scrolls
 g - a scroll of enchant armour {unknown}
 q - a scroll of blinking {unknown}
 s - a scroll of teleportation
 t - 2 scrolls of remove curse
 w - a scroll of fog {unknown}
 x - a scroll of fear {unknown}
Potions
 f - 4 potions of agility
 i - 3 potions of curing
 l - a potion of mutation {unknown}
 m - a potion of degeneration {unknown}
 n - a potion of cancellation {unknown}
 o - 2 potions of magic
 p - 2 potions of heal wounds {unknown}
 v - a potion of resistance {unknown}
 z - 3 potions of flight {unknown}
Comestibles
 d - 16 rations


   Skills:
 - Level 2.0 Fighting
 - Level 6.0 Long Blades
 - Level 2.0 Throwing
 + Level 5.8 Dodging


You had 6 spell levels left.
You didn't know any spells.
Your spell library was empty.

Dungeon Overview and Level Annotations

Branches:
Dungeon (4/15)              Sewer (visited)
 Temple: D:4-7

Altars:
Kikubaaqudgha
Okawaru
Qazlal
Sif Muna
Trog
Xom

Annotations:
D:4 Purgy


Innate Abilities, Weirdness & Mutations

You cannot wear most types of armour.
You are very stealthy in the water. (Stealth+)
You are amphibious.
You can wear up to eight rings at the same time.
You can use your tentacles to constrict eight enemies at once.
Your skin changes colour to match your surroundings (Stealth+).
Your rubbery body absorbs attacks. (AC +1, EV +1)


Message History

Found a scroll labeled GAERGHI MARPHOD.
The orc throws a boomerang.
The boomerang hits you.
* * * LOW HITPOINT WARNING * * *
The weapon returns to the orc!
Okay, then.
As you read the scroll of teleportation, it crumbles to dust.
You feel strangely unstable.
The orc throws a boomerang.
The boomerang closely misses you.
The weapon returns to the orc!
As you open the door, it creaks loudly!
You hear a shout!
The orc throws a boomerang.
The boomerang misses you.
The weapon returns to the orc!
The orc priest begins to cast a cantrip, but forgets the words!
Your surroundings suddenly seem different.
An orc comes into view. It is wielding a +0 whip.
Found a scroll labeled PAGESCH BO SER.
The orc throws a boomerang.
The boomerang completely misses you.
The weapon returns to the orc!
The orc priest mumbles some strange prayers to Beogh against you.
Pain shoots through your body!
You die...

#########..
...##....##...##
...##......##....###+##
..............+..........
.......!......#.........#
.............#T)........
.[..........##'#####....
#### #...##......##{o..#
####
##...##...##......#......#
#..............?@.#?.....#
#............o....#......#
#...Y...........o.#......#
#............o...?##....##
#.)........o...o..#######
#..................
#..#'###########+###
####.# ...


You could see an orc priest and 4 orcs.

Vanquished Creatures
  A crimson imp (D:4)
  A hound (D:4)
  An orc priest (D:4)
  A centaur skeleton (D:3)
  A worker ant (D:4)
  An iguana (D:4)
  4 gnolls (D:2)
  6 adders
  5 river rats (D:3)
  6 oozes
  An adder skeleton (D:4)
  6 worms
  2 dart slugs
  2 leopard geckos (Sewer)
  7 orcs
  21 bats
  8 giant cockroaches
  8 goblins
  8 hobgoblins
  4 jackals (Sewer)
  2 quokkas
  3 ball pythons
  3 frilled lizards
  9 kobolds
  7 rats
118 creatures vanquished.

Notes
Turn   | Place    | Note
-------+----------+-------------------------------------------
     0 | D:1      | MisterFreud the Octopode Gladiator began the quest for the
                  | Orb.
     0 | D:1      | Reached XP level 1. HP: 14/14 MP: 1/1
    72 | D:1      | Reached XP level 2. HP: 6/19 MP: 2/2
   648 | D:1      | Reached skill level 4 in Long Blades
   727 | D:1      | Reached XP level 3. HP: 24/24 MP: 3/3
  1536 | D:2      | Reached XP level 4. HP: 17/29 MP: 4/4
  1902 | D:2      | Found a bloodstained altar of Trog.
  1933 | D:2      | Found a shimmering blue altar of Sif Muna.
  2195 | D:2      | Reached skill level 5 in Long Blades
  2439 | D:2      | Found an iron altar of Okawaru.
  2439 | D:2      | Found a stormy altar of Qazlal.
  2764 | D:3      | Reached XP level 5. HP: 23/34 MP: 5/5
  2833 | D:3      | Reached skill level 6 in Long Blades
  3106 | D:3      | Found a glowing drain.
  3118 | D:3      | Reached XP level 6. HP: 6/39 MP: 6/6
  3126 | Sewer    | Entered a sewer
  3978 | D:3      | Found a shimmering altar of Xom.
  3980 | D:3      | Found a burning altar of Makhleb.
  3980 | D:3      | Found a snail-covered altar of Cheibriados.
  3983 | D:3      | Found a snail-covered altar of Cheibriados.
  3983 | D:3      | Found a burning altar of Makhleb.
  3983 | D:3      | Found an ancient bone altar of Kikubaaqudgha.
  4123 | D:4      | Reached skill level 5 in Dodging
  4348 | D:4      | Reached XP level 7. HP: 19/45 MP: 7/7
  4634 | D:4      | Noticed Purgy
  4654 | D:4      | Killed from afar by an orc priest

Levels and vault maps discovered:
D:1:      dpeg_arrival_tiny_k, layout_loops_corners, serial_bayou_lake_a
D:2:      layout_basic, lemuel_doored_altar, gammafunk_temple_overflow_elements,
          first_ration, minmay_misc_feat_tiny, bloody_trog
D:3:      layout_loops_ring, portal_sewer_entry_e, doesnt_xom_only_xom
D:4:      layout_gridville, uniq_purgy

Skill      XL: |  1  2  3  4  5  6 |
---------------+-------------------+-----
Long Blades    | 4 5 6 |  6.0
Dodging        | 5 |  5.8
Fighting       | |  2.0
Throwing       | |  2.0

Action                   |  1- 3 |  4- 6 |  7- 9 || total
-------------------------+-------+-------+-------++-------
Melee: Long sword        |    58 |   162 |     7 ||   227
       Constrict         |    19 |    42 |     3 ||    64
       Tentacles         |     8 |    34 |     3 ||    45
  Use: Scroll            |     3 |     4 |     2 ||     9
       Potion            |       |     1 |     2 ||     3
 Stab: Sleeping          |     7 |     9 |       ||    16
  Eat: Chunk             |     2 |     9 |     1 ||    12
Armor: Skin              |     4 |    36 |     1 ||    41
Dodge: Dodged            |    33 |   116 |    16 ||   165
       Rpst.: Long sword |     8 |    40 |     3 ||    51

Table legend:
 A = Non-vault XP
 B = Vault XP
 C = Vault XP percentage of total XP
 D = Non-vault monster count
 E = Vault monster count
 F = Vault count percentage of total count
                 A         B        C        D         E       F
            +---------+---------+-------+---------+---------+-------
      Total |     512 |     160 |  23.8 |      82 |      36 |  30.5
            +---------+---------+-------+---------+---------+-------
        D:1 |      43 |       0 |   0.0 |      26 |       0 |   0.0
        D:2 |     115 |       0 |   0.0 |      18 |       0 |   0.0
        D:3 |     111 |      69 |  38.3 |      23 |       8 |  25.8
        D:4 |     243 |       0 |   0.0 |      15 |       0 |   0.0
      Sewer |       0 |      91 | 100.0 |       0 |      28 | 100.0
            +---------+---------+-------+---------+---------+-------
